 Dungeon Crawl Stone Soup version 0.19-a0-1704-gbd66c22 (webtiles) character file.

536 KristoblXynda the Covert (level 7, 0/28 HPs)
             Began as a Spriggan Enchanter on Sept 27, 2016.
             Was an Initiate of Hepliaklqana.
             Killed by divine providence
             ... invoked by an orc priest
              (11 damage)
             ... on level 3 of the Dungeon.
             The game lasted 00:11:55 (4279 turns).

KristoblXynda the Covert (Spriggan Enchanter)       Turns: 4279, Time: 00:11:55

Health: 0/28       AC:  6    Str:  4      XL:     7   Next: 4%
Magic:  16/16      EV: 18    Int: 21 (22) God:    Hepliaklqana [......]
Gold:   49         SH:  0    Dex: 14 (16) Spells: 2 memorised, 12 levels left

rFire  . . .     SeeInvis +     q - +0 rapier (drain)
rCold  . . .     Gourm    .     b - +1 robe
rNeg   . . .     Faith    .     (shield restricted)
rPois  .         Spirit   .     (helmet restricted)
rElec  .         Dismiss  .     m - +1 cloak
rCorr  .         Reflect  .     (gloves unavailable)
MR     +....     Harm     .     (boots unavailable)
Stlth  ++++......               (no amulet)
                                (no ring)
                                j - +3 ring of intelligence

@: very quick
A: unfitting armour, reduced essence, see invisible, herbivore 3, speed 3, slow
metabolism 2
a: Recall Ancestor, Ancestor Identity, Renounce Religion


You were on level 3 of the Dungeon.
You worshipped Hepliaklqana.
Hepliaklqana was noncommittal.
You were not hungry.

You visited 1 branch of the dungeon, and saw 4 of its levels.

You collected 186 gold pieces.
You spent 137 gold pieces at shops.

Inventory:

Hand Weapons
 a - a +1 dagger
 q - a +0 rapier of draining (weapon)
Missiles
 n - 2 throwing nets (quivered)
Armour
 b - a +1 robe (worn)
 m - a +1 cloak (worn)
 p - a +0 buckler
Jewellery
 j - a +3 ring of intelligence (left hand)
Scrolls
 e - a scroll of amnesia
 f - 2 scrolls of enchant armour
 g - a scroll of remove curse
 i - 2 scrolls of identify {unknown}
 l - a scroll of recharging
Potions
 h - a potion of curing
 k - a potion of resistance {unknown}
 o - a potion of brilliance {unknown}
 r - a potion of lignification {unknown}
Books
 c - a book of Maledictions

   Spells                             Type                      Level
   a - Corona                         Hexes                        1
   b - Ensorcelled Hibernation        Hexes/Ice                    2
   c - Confuse                        Hexes                        3
   d - Tukima's Dance                 Hexes                        3
   e - Dazzling Spray                 Conjuration/Hexes            3
Comestibles
 d - 6 bread rations


   Skills:
 - Level 1.1 Short Blades
 - Level 3.0 Dodging
 + Level 8.3 Stealth
 + Level 5.5 Spellcasting
 + Level 6.3 Hexes


You had 12 spell levels left.
You knew the following spells:

 Your Spells              Type           Power        Failure   Level  Hunger
b - Ensorcelled Hibernat  Hex/Ice        ###...       4%          2    None
c - Confuse               Hex            ####....     2%          3    ##.....


Dungeon Overview and Level Annotations

Branches:
Dungeon (4/15)
 Temple: D:4-7

Altars:
Hepliaklqana
Okawaru
Vehumet

Shops:
D:4 *


Innate Abilities, Weirdness & Mutations

You are very small and have problems with some larger weapons.
You are too small for most types of armour.
You have supernaturally acute eyesight. (SInv)
You are a herbivore.
You cover ground extremely quickly.
You need consume almost no food.
Your life essence is reduced. (-10% HP)


Message History

* * * LOW HITPOINT WARNING * * *
The orc closely misses you.
You feel better. The adder bites you but does no damage.
The orc closely misses you. The orc hits you with a mace.
You feel better. The adder barely misses you. The orc barely misses you.
The orc priest calls down the wrath of Beogh upon you.
Beogh smites you! The adder completely misses you.
You barely miss the orc.
The orc is heavily wounded.
The orc completely misses you. The adder barely misses you.
The orc barely misses you.
You hit the orc.
The orc is almost dead.
The adder misses you. The orc completely misses you.
The orc hits you but does no damage. The adder bites you but does no damage.
You hit the adder but do no damage. The orc barely misses you.
The adder closely misses you. The orc completely misses you.
The orc priest mumbles some strange prayers to Beogh against you.
Beogh smites you!
You die...

#..######.###.## #.
#........## ##.### #.
##.######.###....# #. #.#.##
##.#<###.# #. #....#####.##
#.# #. ###........# #.# #.
### ##..#####[####.# #.
#...##...##o.....##.# #.
#......#oo@S##.#.##.# #.
#...##..)#####.#.##o# #.
##.####..#####.#.##)# #.
...............#.##.######.
###......########.#.........
######.# #.#..####... ...
#[#..# ##.##
.....######....###)..#
....................#..


You could see an orc priest, an adder and 2 orcs.

Vanquished Creatures
  The ghost of ThereIsNoGod the Chopper, an amateur MiGl (D:3)
  An ogre (D:4)
  Blork the orc (D:4)
  A scorpion (D:4)
  A hound (D:4)
  3 orc priests
  An orc wizard (D:4)
  A bullfrog skeleton (D:4)
  2 adders (D:3)
  An ooze (D:3)
  2 worms
  3 leopard geckos
  7 orcs
  A giant cockroach (D:2)
  10 hobgoblins
  A ball python (D:2)
  3 bats
  5 frilled lizards
  5 goblins
  6 kobolds
  A quokka skeleton (D:4)
  8 rats
65 creatures vanquished.

Notes
Turn   | Place    | Note
-------+----------+-------------------------------------------
     0 | D:1      | KristoblXynda the Spriggan Enchanter began the quest for the Orb.
     0 | D:1      | Reached XP level 1. HP: 9/9 MP: 5/5
     2 | D:1      | Noticed a human
     2 | D:1      | Noticed a troll
     4 | D:1      | Noticed a ghoul
     4 | D:1      | Noticed a naga
     6 | D:1      | Noticed a merfolk
     6 | D:1      | Noticed a demigod
     8 | D:1      | Noticed a gargoyle
     8 | D:1      | Noticed a vampire
    10 | D:1      | Noticed a dwarf
    10 | D:1      | Noticed a tengu
    12 | D:1      | Noticed a demonspawn
    12 | D:1      | Noticed a centaur
    14 | D:1      | Noticed a formicid
    16 | D:1      | Noticed a draconian
    18 | D:1      | Noticed a felid
    18 | D:1      | Noticed an ogre
    20 | D:1      | Noticed a vine stalker
    20 | D:1      | Noticed a spriggan
    22 | D:1      | Noticed a minotaur
    24 | D:1      | Noticed an elf
    24 | D:1      | Noticed an octopode
    26 | D:1      | Noticed a halfling
   239 | D:1      | Reached XP level 2. HP: 13/13 MP: 6/6
   250 | D:1      | Learned a level 2 spell: Ensorcelled Hibernation
   633 | D:2      | Reached skill level 5 in Stealth
   733 | D:2      | Found a hazy altar of Hepliaklqana.
   894 | D:2      | Reached XP level 3. HP: 12/16 MP: 8/8
  1914 | D:2      | Learned a level 3 spell: Confuse
  2400 | D:3      | Noticed ThereIsNoGod's ghost (amateur MiGl)
  3013 | D:3      | Reached XP level 4. HP: 21/21 MP: 10/10
  3149 | D:3      | Killed ThereIsNoGod's ghost
  3149 | D:3      | Reached skill level 6 in Stealth
  3149 | D:3      | Reached skill level 5 in Hexes
  3149 | D:3      | Reached XP level 5. HP: 19/24 MP: 8/12
  3353 | D:4      | Reached skill level 7 in Stealth
  3363 | D:4      | Found an iron altar of Okawaru.
  3429 | D:4      | Reached XP level 6. HP: 28/28 MP: 2/14
  3898 | D:4      | Reached skill level 5 in Spellcasting
  4040 | D:4      | Reached skill level 8 in Stealth
  4047 | D:4      | Found a radiant altar of Vehumet.
  4088 | D:4      | Noticed Blork the orc
  4100 | D:4      | Killed Blork the orc
  4100 | D:4      | Reached XP level 7. HP: 26/32 MP: 9/16
  4119 | D:4      | Found Tuenuu's General Store.
  4124 | D:4      | Bought a +0 buckler for 45 gold pieces
  4124 | D:4      | Bought a +0 rapier of draining for 92 gold pieces
  4242 | D:2      | Became a worshipper of Hepliaklqana
  4279 | D:3      | Killed from afar by an orc priest

Vault maps used:
D:1:      kb_arrival_jail
D:2:      nicolae_overflow_crystal_walls
D:4:      okawaru_gym_becter, lemuel_doored_altar, serial_shops,
          kennysheep_little_box, first_bread, uniq_blork_the_orc

Skill      XL: |  1  2  3  4  5  6 |
---------------+-------------------+-----
Hexes          | 4 5 6 |  6.3
Spellcasting   | 3 4 5 |  5.5
Stealth        | 5 6 7 8 |  8.3
Short Blades   | |  1.1
Dodging        | |  3.0

Action                   |  1- 3 |  4- 6 |  7- 9 || total
-------------------------+-------+-------+-------++-------
Melee: Dagger            |   173 |   113 |       ||   286
       Rapier            |       |       |    14 ||    14
 Cast: Confuse           |     7 |     8 |       ||    15
       Ensorcelled Hiber |     5 |     8 |       ||    13
  Use: Potion            |     1 |     4 |     2 ||     7
       Scroll            |       |     5 |       ||     5
 Stab: Sleeping          |    18 |     7 |       ||    25
       Confused          |     2 |     8 |       ||    10
  Eat: Pizza             |       |     1 |       ||     1
       Bread ration      |       |     1 |       ||     1
Armor: Robe              |    12 |     8 |     4 ||    24
Dodge: Dodged            |   123 |    63 |    30 ||   216
